 Dungeon Crawl Stone Soup version 0.25-a0-425-g0e000e855e (webtiles) character file.

Game seed: 11849233309723311512, levelgen mode: deterministic

67 Nattfarinn the Skirmisher (level 4, -2/29 HPs)
             Began as a Gargoyle Berserker on Jan 24, 2020.
             Was a Believer of Trog.
             Slain by a gnoll
             ... wielding a +0 whip
              (5 damage)
             ... on level 2 of the Dungeon.
             The game lasted 00:01:35 (1338 turns).

Nattfarinn the Skirmisher (Gargoyle Berserker)      Turns: 1338, Time: 00:01:36

Health: -2/29      AC:  5    Str: 21    XL:     4   Next: 16%
Magic:  4/4        EV: 12    Int:  8    God:    Trog [**....]
Gold:   19         SH:  0    Dex:  9    Spells: 3/3 levels left

rFire    . . .     SeeInvis .   a - +0 mace
rCold    . . .     Gourm    .   (no shield)
rNeg     + . .     Faith    .   b - +0 animal skin
rPois    ∞         Spirit   .   (no helmet)
rElec    +         Reflect  .   (no cloak)
rCorr    .         Harm     .   (no gloves)
MR       ++...                  (no boots)
Stlth    +.........             (no amulet)
HPRegen  1.09/turn              (no ring)
MPRegen  0.09/turn              (no ring)

@: berserk cooldown, regenerating (expiring), slowed, very slow
A: negative energy resistance 1, electricity resistance, unbreathing,
petrification resistance, rot immunity, AC +3
a: Berserk, Trog's Hand, Renounce Religion


You were on level 2 of the Dungeon.
You worshipped Trog.
Trog was pleased with you.
You were near starving.

You visited 1 branch of the dungeon, and saw 2 of its levels.

You collected 19 gold pieces.

Inventory:

Hand Weapons
 a - a +0 mace (weapon)
Armour
 b - a +0 animal skin (worn)
Scrolls
 d - a scroll of remove curse {unknown}
 e - a scroll of immolation {unknown}
 f - a scroll of enchant armour {unknown}
 g - a scroll of identify {unknown}
Comestibles
 c - 4 rations
 h - 8 chunks of flesh


   Skills:
 * Level 4.2 Fighting
 + Level 3.4 Maces & Flails
 * Level 3.4 Armour
 - Level 1.5 Dodging


You had 3 spell levels left.
You didn't know any spells.
Your spell library was empty.

Dungeon Overview and Level Annotations

Branches:
Dungeon (2/15)

Altars:


Innate Abilities, Weirdness & Mutations

You are resistant to torment.
Your stone body is resilient. (AC +3)
You are immune to poison.
You resist negative energy. (rN+)
You are resistant to electric shocks. (rElec)
You can survive without breathing.
You are immune to petrification.
You are immune to rotting.


Message History

The quokka bites you.
* * * LOW HITPOINT WARNING * * *
You feel a strong urge to attack something.
The quokka barely misses you. The gnoll misses you.
The gnoll hits you but does no damage.
You thump the quokka!
You kill the quokka!
Trog accepts your kill.
The gnoll hits you from afar with a +0 spear.
* * * LOW HITPOINT WARNING * * *
You feel a strong urge to attack something.
You are no longer berserk.
You are exhausted.
You feel yourself slow down. The gnoll hits you with a +0 whip.
* * * LOW HITPOINT WARNING * * *
You closely miss the gnoll.
You feel the effects of Trog's Hand fading.
The gnoll hits you with a +0 whip.
You die...

#...# ##### # #...#
...... ...####...#
#########.
#.....(.######...# #.
#...)rg.##.......#####.
#...r#g###........#....
#.'....#s# #........#.###
#.#<...#g# #......÷.#.###
# #....#@#####.#'#..#....
......#...# #.#.#......#
....#.####.###'#....###.#
....#. #..........# #.#
###....#...# #.#
#....#...# #.# #....#####
#.# '...... ..# ##....###
###


You could see 3 gnolls, a giant cockroach and a rat.

Vanquished Creatures
  An adder (D:2)
  A gnoll (D:2)
  An ooze (D:1)
  2 dart slugs (D:1)
  2 ball pythons (D:1)
  8 goblins
  6 hobgoblins
  2 jackals (D:1)
  A kobold (D:1)
  A quokka (D:2)
  10 bats
  A rat (D:1)
36 creatures vanquished.

Notes
Turn   | Place    | Note
-------+----------+-------------------------------------------
     0 | D:1      | Nattfarinn the Gargoyle Berserker began the quest for the
                  | Orb.
     0 | D:1      | Reached XP level 1. HP: 14/14 MP: 1/1
   119 | D:1      | Reached XP level 2. HP: 9/19 MP: 2/2
   488 | D:1      | Reached XP level 3. HP: 19/24 MP: 3/3
   894 | D:2      | Reached ** piety under Trog
   899 | D:2      | Reached skill level 4 in Fighting
  1330 | D:2      | Reached XP level 4. HP: 8/29 MP: 4/4
  1333 | D:2      | HP: 1/43 [gnoll/+0 spear (6)]
  1338 | D:2      | Slain by a gnoll

Levels and vault maps discovered:
D:1:      lightli_arrival_windingriver, layout_loops_ring, minivault_14
D:2:      layout_basic

Skill      XL: |  1  2  3 |
---------------+----------+-----
Armour         | 3 |  3.4
Fighting       | 4 |  4.2
Maces & Flails | |  3.4
Dodging        | |  1.5

Action                   |  1- 3 |  4- 6 || total
-------------------------+-------+-------++-------
Melee: Mace              |   119 |     2 ||   121
Invok: Berserk           |     2 |       ||     2
       Trog's Hand       |     1 |       ||     1
  Eat: Chunk             |     2 |       ||     2
Armor: Animal skin       |    72 |     1 ||    73
Dodge: Dodged            |   112 |     2 ||   114

Table legend:
 A = Non-vault XP
 B = Vault XP
 C = Vault XP percentage of total XP
 D = Non-vault monster count
 E = Vault monster count
 F = Vault count percentage of total count
                 A         B        C        D         E       F
            +---------+---------+-------+---------+---------+-------
      Total |      96 |       0 |   0.0 |      36 |       0 |   0.0
            +---------+---------+-------+---------+---------+-------
        D:1 |      40 |       0 |   0.0 |      18 |       0 |   0.0
        D:2 |      56 |       0 |   0.0 |      18 |       0 |   0.0
            +---------+---------+-------+---------+---------+-------
